Rangers vs Panthers
(R1)
Created - January 19, 2020 at 08:43
Goals
|
Rangers |
0 |
2 |
0 |
2 |
Panthers |
3 |
1 |
2 |
6 |
|
Shots
|
Rangers |
6 |
13 |
10 |
29 |
Panthers |
15 |
5 |
13 |
33 |
|
1st period
1. Panthers , Kyle Wellwood 6 (Drew Stafford 11, Brandon Gormley 8) at 8:53
2. Panthers , Drew Stafford 5 (Kyle Wellwood 10, Jonathan Sigalet 13) at 10:12 (SH)
3. Panthers , Jonathan Matsumoto 4 (Matt Irwin 9) at 19:31
Penalties :
Erik Gudbranson (Flo) for Slashing (Minor) at 2:49, David Booth (Flo) for Slashing (Minor) at 9:41, Jonathan Sigalet (Flo) for Holding (Minor) at 16:10
2nd period
4. Rangers , Kyle Okposo 12 (Cam Barker 18, Milan Lucic 33) at 1:17 (PP)
5. Rangers , Sean Couturier 6 (Jakob Silfverberg 19, James Neal 13) at 12:28
6. Panthers , Alex Galchenyuk 16 (Matt Duchene 28) at 14:13
Penalties :
Matt Duchene (Flo) for Roughing (Minor) at 0:18, Magnus Paajarvi-Svensson (NYR) for Holding (Minor) at 3:05, Jonathan Matsumoto (Flo) for Roughing (Minor) at 5:37, James Neal (NYR) for Slashing (Minor) at 18:40
3rd period
7. Panthers , Marek Svatos 12 (Alex Galchenyuk 22, Matt Duchene 29) at 3:00 (PP)
8. Panthers , Matt Duchene 23 (Alex Galchenyuk 23) at 10:58
Penalties :
James Neal (NYR) for Hooking (Minor) at 1:37, Kyle Wellwood (Flo) for Interference (Minor) at 5:02, Tomas Hertl (NYR) for Roughing (Minor) at 11:22, James Neal (NYR) for Holding (Minor) at 15:34, Marek Svatos (Flo) for Roughing (Minor) at 18:29
Goalie Stats
Mike Condon (NYR), 13 saves from 15 shots - (0.867), 25:47 minutes
Frederik Andersen (NYR), 14 saves from 18 shots - (0.778), L, 16-9-2, 34:13 minutes
Petr Mrazek (Flo), 27 saves from 29 shots - (0.931), W, 13-10-1, 60:00 minutes
Players Stats for Rangers
Player Name G A P +/- PIM S H SB GA TA FO MP PP MP PK MP
------------------------------------------------------------------------------------
Cam Barker 0 1 1 0 0 2 2 3 2 2 0/0 27:31 4:19 6:06
Chris Bourque 0 0 0 -1 0 1 2 1 1 0 0/1 17:57 4:22 1:41
Colten Teubert 0 0 0 -2 0 0 1 0 0 1 0/0 12:44 0:00 3:13
Gustav Nyquist 0 0 0 -1 0 0 0 1 1 0 0/3 9:59 0:27 0:00
Jakob Silfverberg 0 1 1 -1 0 1 2 0 0 1 0/1 17:08 6:32 0:00
James Neal 0 1 1 -2 6 4 0 0 0 0 2/2 16:19 5:09 0:00
Kyle Okposo 1 0 1 -2 0 8 2 0 1 0 1/1 16:01 5:25 0:00
Luke Schenn 0 0 0 -1 0 1 0 2 1 4 0/0 28:42 8:05 3:13
Magnus Paajarvi-Svensson 0 0 0 0 2 0 1 0 0 0 0/0 7:04 0:11 0:00
Mark Fistric 0 0 0 -1 0 1 0 4 0 1 0/0 17:56 0:38 6:06
Matt Greene 0 0 0 -1 0 0 0 0 0 0 0/0 11:01 0:00 0:00
Matt Read 0 0 0 0 0 2 0 1 1 0 0/1 9:11 0:00 2:35
Maxime Sauvé 0 0 0 0 0 0 0 0 0 0 2/8 9:34 0:03 2:35
Milan Lucic 0 1 1 -1 0 1 5 1 2 1 1/1 22:07 7:01 5:03
Patrice Bergeron 0 0 0 -1 0 2 2 0 0 0 15/31 22:07 7:01 5:03
Patrik Nemeth 0 0 0 -2 0 0 0 1 0 0 0/0 8:54 0:00 0:00
Sean Couturier 1 0 1 -2 0 4 3 0 0 0 2/13 17:32 5:09 1:41
Tomas Hertl 0 0 0 -2 2 2 0 0 0 0 9/13 18:49 7:38 0:00
Players Stats for Panthers
Player Name G A P +/- PIM S H SB GA TA FO MP PP MP PK MP
------------------------------------------------------------------------------------
Alex Galchenyuk 1 2 3 2 0 10 0 0 2 1 2/3 20:33 6:13 1:17
Brandon Gormley 0 1 1 1 0 3 0 0 1 1 0/0 23:35 6:25 6:05
Chad Larose 0 0 0 0 0 0 2 1 0 1 0/0 16:32 0:00 6:58
Christian Ehrhoff 0 0 0 1 0 0 1 0 0 0 0/0 10:15 0:00 1:44
Daniel Paille 0 0 0 1 0 1 2 0 0 0 0/0 6:18 0:00 0:00
David Booth 0 0 0 0 2 1 1 0 0 0 1/1 8:38 0:00 0:00
Drew Stafford 1 1 2 1 0 1 0 0 2 0 0/0 15:50 3:06 3:55
Erik Gudbranson 0 0 0 2 2 1 3 1 2 1 0/0 29:13 6:25 5:40
Jonathan Matsumoto 1 0 1 2 2 2 1 0 0 0 3/7 9:27 0:00 3:02
Jonathan Sigalet 0 1 1 2 2 1 3 3 0 3 0/0 27:20 2:54 5:43
Kyle Clifford 0 0 0 0 0 2 2 0 0 0 0/1 12:55 3:06 0:00
Kyle Wellwood 1 1 2 0 2 2 0 0 0 0 8/15 14:56 0:00 5:47
Marek Svatos 1 0 1 2 2 4 0 1 1 0 3/3 22:06 6:13 2:18
Matt Duchene 1 2 3 2 2 4 3 0 2 1 19/33 20:31 6:13 1:20
Matt Irwin 0 1 1 1 0 0 1 3 0 1 0/0 13:07 2:54 0:12
Patrick Eaves 0 0 0 1 0 0 1 0 0 0 0/0 6:18 0:00 0:00
Stephen Weiss 0 0 0 0 0 1 1 0 0 0 7/12 13:06 3:06 0:11
Steve Montador 0 0 0 1 0 0 1 1 0 0 0/0 16:49 0:00 5:24
3 Stars
1 - Alex Galchenyuk (Flo)
2 - Matt Duchene (Flo)
3 - Drew Stafford (Flo)
Power Play
Rangers - 1 on 7 Attempt(s) - 14.29%
Panthers - 1 on 5 Attempt(s) - 20.00%
Penalty Kill
Rangers - 4 on 5 Attempt(s) - 80.00%
- Score 0 goal in Penalty Kill
Panthers - 6 on 7 Attempt(s) - 85.71%
- Score 1 goal in Penalty Kill
Team Stat
Rangers - Hits : 20 - Faceoff Wins : 32 - Blocked Shots : 14 - Penalty Minutes : 10
Panthers - Hits : 22 - Faceoff Wins : 43 - Blocked Shots : 10 - Penalty Minutes : 14
Official
Referees : Unknown
Linesman : Unknown
Game Notes
Mike Condon enters game at 14:13 of 2nd period
Matt Read is injured at 18:09 of 3rd period (Strained Left Elbow)
Finance
Level 1 -- Attendance: 4268 (71.13%) -- Ticket Income $512,160
Level 2 -- Attendance: 3941 (78.82%) -- Ticket Income $271,929
Level 3 -- Attendance: 2000 (100.00%) -- Ticket Income $86,000
Level 4 -- Attendance: 2980 (74.50%) -- Ticket Income $98,340
Luxury Box -- Attendance: 747 (74.70%) -- Ticket Income $145,665
Game was played at the Bank Atlantic Cente.
Total Attendance: 13936 (77.42%)
Total Ticket Income: $1,114,094
Other Income: $167,114
Total Income: $1,281,208
Rangers
5 vs 5 Forward
Center Left Wing Right Wing Time % Phy DF OF
1 Patrice Bergeron Milan Lucic Gustav Nyquist 30 1 2 2
2 Sean Couturier James Neal Jakob Silfverberg 30 1 2 2
3 Tomas Hertl Chris Bourque Kyle Okposo 30 1 2 2
4 Maxime Sauvé Magnus Paajarvi-Svensson Matt Read 10 1 2 2
5 vs 5 Defense
Defense Defense Time % Phy DF OF
1 Luke Schenn Cam Barker 40 1 2 2
2 Mark Fistric Matt Greene 30 1 2 2
3 Colten Teubert Patrik Nemeth 20 1 2 2
4 Luke Schenn Cam Barker 10 1 2 2
PowerPlay Forward
Center Left Wing Right Wing Time % Phy DF OF
1 Patrice Bergeron Milan Lucic Jakob Silfverberg 60 1 2 2
2 Sean Couturier James Neal Kyle Okposo 40 1 2 2
PowerPlay Defense
Defense Defense Time % Phy DF OF
1 Luke Schenn Tomas Hertl 60 1 2 2
2 Cam Barker Chris Bourque 40 1 2 2
Penalty Kill 4 Players Forward
Center Wing Time % Phy DF OF
1 Patrice Bergeron Milan Lucic 60 1 2 2
2 Matt Read Maxime Sauvé 40 1 2 2
Penalty Kill 4 Players Defense
Defense Defense Time % Phy DF OF
1 Cam Barker Mark Fistric 60 1 2 2
2 Luke Schenn Colten Teubert 40 1 2 2
Penalty Kill - 3 Players Forward
Forward Time % Phy DF OF
1 Patrice Bergeron 60 1 2 2
2 Maxime Sauvé 40 1 2 2
Penalty Kill - 3 Players Defense
Defense Defense Time % Phy DF OF
1 Cam Barker Mark Fistric 60 1 2 2
2 Luke Schenn Colten Teubert 40 1 2 2
4 vs 4 Forward
Center Wing Time % Phy DF OF
1 Tomas Hertl Gustav Nyquist 60 1 2 2
2 Sean Couturier Milan Lucic 40 1 2 2
4 vs 4 Defense
Defense Defense Time % Phy DF OF
1 Mark Fistric Colten Teubert 60 1 2 2
2 Matt Greene Patrik Nemeth 40 1 2 2
Last Minutes Offensive
Center Left Wing Right Wing Defense Defense
Sean Couturier Milan Lucic Jakob Silfverberg Luke Schenn James Neal
Last Minutes Defensive
Center Left Wing Right Wing Defense Defense
Matt Read Jakob Silfverberg Kyle Okposo Cam Barker Mark Fistric
Goaltenders
Starting : Frederik Andersen
Backup : Mike Condon
Extra Forwards
Normal : Milan Lucic, Jakob Silfverberg, Kyle Okposo - PP : Milan Lucic, Jakob Silfverberg - PK : Milan Lucic
Extra Defensemen
Normal : Mark Fistric, Cam Barker, Luke Schenn - PP : Mark Fistric - PK : Cam Barker, Mark Fistric
Penalty Shots
Milan Lucic, Jakob Silfverberg, Patrice Bergeron, Sean Couturier, Matt Read
Scratches
Alexei Emelin (Healthy)
Panthers
5 vs 5 Forward
Center Left Wing Right Wing Time % Phy DF OF
1 Matt Duchene Alex Galchenyuk Marek Svatos 40 0 2 3
2 Stephen Weiss Kyle Clifford Chad Larose 30 0 2 3
3 Kyle Wellwood David Booth Drew Stafford 20 0 3 2
4 Jonathan Matsumoto Daniel Paille Patrick Eaves 10 1 2 2
5 vs 5 Defense
Defense Defense Time % Phy DF OF
1 Erik Gudbranson Jonathan Sigalet 40 0 2 3
2 Brandon Gormley Steve Montador 30 0 2 3
3 Matt Irwin Christian Ehrhoff 20 0 3 2
4 Erik Gudbranson Brandon Gormley 10 0 2 3
PowerPlay Forward
Center Left Wing Right Wing Time % Phy DF OF
1 Matt Duchene Alex Galchenyuk Marek Svatos 60 0 1 4
2 Stephen Weiss Kyle Clifford Drew Stafford 40 0 1 4
PowerPlay Defense
Defense Defense Time % Phy DF OF
1 Erik Gudbranson Brandon Gormley 60 0 2 3
2 Jonathan Sigalet Matt Irwin 40 0 2 3
Penalty Kill 4 Players Forward
Center Wing Time % Phy DF OF
1 Kyle Wellwood Chad Larose 60 1 3 1
2 Jonathan Matsumoto Drew Stafford 40 1 3 1
Penalty Kill 4 Players Defense
Defense Defense Time % Phy DF OF
1 Erik Gudbranson Jonathan Sigalet 60 1 4 0
2 Steve Montador Brandon Gormley 40 1 4 0
Penalty Kill - 3 Players Forward
Forward Time % Phy DF OF
1 Chad Larose 60 1 3 1
2 Drew Stafford 40 1 3 1
Penalty Kill - 3 Players Defense
Defense Defense Time % Phy DF OF
1 Erik Gudbranson Jonathan Sigalet 60 1 4 0
2 Steve Montador Brandon Gormley 40 1 4 0
4 vs 4 Forward
Center Wing Time % Phy DF OF
1 Matt Duchene Alex Galchenyuk 60 0 2 3
2 Stephen Weiss Kyle Clifford 40 0 2 3
4 vs 4 Defense
Defense Defense Time % Phy DF OF
1 Erik Gudbranson Brandon Gormley 60 0 2 3
2 Steve Montador Jonathan Sigalet 40 1 2 2
Last Minutes Offensive
Center Left Wing Right Wing Defense Defense
Matt Duchene Alex Galchenyuk Marek Svatos Erik Gudbranson Brandon Gormley
Last Minutes Defensive
Center Left Wing Right Wing Defense Defense
Kyle Wellwood Kyle Clifford Chad Larose Erik Gudbranson Jonathan Sigalet
Goaltenders
Starting : Petr Mrazek
Backup : Braden Holtby
Extra Forwards
Normal : Kyle Clifford, Alex Galchenyuk, Matt Duchene - PP : Kyle Clifford, Alex Galchenyuk - PK : Marek Svatos
Extra Defensemen
Normal : Matt Irwin, Brandon Gormley, Erik Gudbranson - PP : Matt Irwin - PK : Brandon Gormley, Jonathan Sigalet
Penalty Shots
Alex Galchenyuk, Kyle Wellwood, Kyle Clifford, David Booth, Matt Duchene
Scratches
Travis Zajac (Right Ankle Injury)
% Time on Ice - Rangers
Lines # - Real PCT - Wanted PCT - Time Play
Normal Forward
1 - 28% - 30% - 10:49
2 - 27% - 30% - 10:22
3 - 28% - 30% - 10:36
4 - 17% - 10% - 6:30
Normal Defense
1 - 44% - 40% - 16:47
2 - 32% - 30% - 12:08
3 - 23% - 20% - 8:54
4 - 1% - 10% - 0:28
PP Forward
1 - 57% - 60% - 7:04
2 - 43% - 40% - 5:20
PP Defense
1 - 65% - 60% - 8:05
2 - 35% - 40% - 4:19
PK Forward
1 - 72% - 60% - 6:44
2 - 28% - 40% - 2:35
PK Defense
1 - 65% - 60% - 6:06
2 - 35% - 40% - 3:13
PK3 Forward
1 - 0% - 60%
2 - 0% - 40%
PK3 Defense
1 - 0% - 60%
2 - 0% - 40%
44 Forward
1 - 0% - 60%
2 - 0% - 40%
44 Defense
1 - 0% - 60%
2 - 0% - 40%
Last Minute Offensive - 0:00
Last Minute Defensive - 0:00
Total
Forward - 60:00
Defense - 60:00
|
% Time on Ice - Panthers
Lines # - Real PCT - Wanted PCT - Time Play
Normal Forward
1 - 37% - 40% - 14:03
2 - 26% - 30% - 9:50
3 - 21% - 20% - 8:06
4 - 16% - 10% - 6:18
Normal Defense
1 - 44% - 40% - 16:45
2 - 33% - 30% - 12:39
3 - 21% - 20% - 8:11
4 - 2% - 10% - 0:42
PP Forward
1 - 67% - 60% - 6:13
2 - 33% - 40% - 3:06
PP Defense
1 - 69% - 60% - 6:25
2 - 31% - 40% - 2:54
PK Forward
1 - 68% - 60% - 8:29
2 - 32% - 40% - 3:55
PK Defense
1 - 61% - 60% - 7:34
2 - 39% - 40% - 4:50
PK3 Forward
1 - 0% - 60%
2 - 0% - 40%
PK3 Defense
1 - 0% - 60%
2 - 0% - 40%
44 Forward
1 - 0% - 60%
2 - 0% - 40%
44 Defense
1 - 0% - 60%
2 - 0% - 40%
Last Minute Offensive - 0:00
Last Minute Defensive - 0:00
Total
Forward - 60:00
Defense - 60:00
|
Play-by-Play
1st period
0:01 of 1st period - Matt Duchene wins face-off versus Gustav Nyquist in neutral zone.
0:07 of 1st period - Slapshot by Erik Gudbranson.
0:07 of 1st period - Shot Blocked by Luke Schenn.
0:09 of 1st period - Slapshot by Jonathan Sigalet.
0:09 of 1st period - Stopped by Frederik Andersen with a rebound.
0:49 of 1st period - Off-side.
0:50 of 1st period - Tomas Hertl wins face-off versus Kyle Wellwood in neutral zone.
0:55 of 1st period - Snap shot by Kyle Okposo.
0:55 of 1st period - Stopped by Petr Mrazek with a rebound.
0:57 of 1st period - Snap shot by Chris Bourque.
0:57 of 1st period - Deflect By Tomas Hertl.
0:57 of 1st period - Shot Misses the Net.
0:57 of 1st period - Puck is out of play.
0:58 of 1st period - Jonathan Matsumoto wins face-off versus Maxime Sauvé in Panthers zone.
1:23 of 1st period - Mark Fistric is hit by Matt Irwin and loses puck.
1:30 of 1st period - Snap shot by Marek Svatos.
1:30 of 1st period - Shot Misses the Net.
1:34 of 1st period - Snap shot by Alex Galchenyuk.
1:34 of 1st period - Stopped by Frederik Andersen without a rebound.
1:35 of 1st period - Stephen Weiss wins face-off versus Patrice Bergeron in Rangers zone.
2:06 of 1st period - Patrik Nemeth is hit by David Booth and loses puck.
2:21 of 1st period - Snap shot by Kyle Okposo.
2:21 of 1st period - Stopped by Petr Mrazek without a rebound.
2:22 of 1st period - Matt Duchene wins face-off versus Chris Bourque in Panthers zone.
2:49 of 1st period - Minor Penalty to Erik Gudbranson for Slashing.
2:50 of 1st period - Kyle Wellwood wins face-off versus Patrice Bergeron in Panthers zone.
4:05 of 1st period - Chad Larose is hit by Jakob Silfverberg.
4:49 of 1st period - Penalty to Erik Gudbranson is over, Erik Gudbranson is back on ice.
4:54 of 1st period - Wrist shot by Kyle Wellwood.
4:54 of 1st period - Shot Blocked by Chris Bourque.
4:56 of 1st period - Slapshot by Jonathan Sigalet.
4:56 of 1st period - Shot Misses the Net.
4:58 of 1st period - Snap shot by Erik Gudbranson.
4:58 of 1st period - Shot Misses the Net.
5:00 of 1st period - Snap shot by Kyle Wellwood.
5:00 of 1st period - Shot Misses the Net.
5:08 of 1st period - Snap shot by Kyle Wellwood.
5:08 of 1st period - Stopped by Frederik Andersen without a rebound.
5:09 of 1st period - Matt Duchene wins face-off versus Maxime Sauvé in Rangers zone.
5:12 of 1st period - Wrist shot by Marek Svatos.
5:12 of 1st period - Stopped by Frederik Andersen without a rebound.
5:13 of 1st period - Maxime Sauvé wins face-off versus Matt Duchene in Rangers zone.
5:18 of 1st period - Snap shot by Matt Read.
5:18 of 1st period - Shot Blocked by Matt Irwin.
5:26 of 1st period - Snap shot by Alex Galchenyuk.
5:26 of 1st period - Stopped by Frederik Andersen with a rebound.
5:30 of 1st period - Snap shot by Matt Duchene.
5:30 of 1st period - Stopped by Frederik Andersen without a rebound.
5:31 of 1st period - Stephen Weiss wins face-off versus Sean Couturier in Rangers zone.
6:02 of 1st period - Snap shot by Alex Galchenyuk.
6:02 of 1st period - Stopped by Frederik Andersen with a rebound.
6:04 of 1st period - Backhand shot by Brandon Gormley.
6:04 of 1st period - Shot Misses the Net.
6:06 of 1st period - Wrist shot by Alex Galchenyuk.
6:06 of 1st period - Stopped by Frederik Andersen with a rebound.
6:08 of 1st period - Snap shot by Marek Svatos.
6:08 of 1st period - Shot Misses the Net.
6:10 of 1st period - Slapshot by Brandon Gormley.
6:10 of 1st period - Stopped by Frederik Andersen with a rebound.
6:51 of 1st period - Milan Lucic is hit by Jonathan Sigalet and loses puck.
7:00 of 1st period - Milan Lucic is hit by Kyle Clifford and loses puck.
7:31 of 1st period - Icing by Milan Lucic.
7:32 of 1st period - Maxime Sauvé wins face-off versus Jonathan Matsumoto in Rangers zone.
7:32 of 1st period - Maxime Sauvé is hit by Christian Ehrhoff.
8:17 of 1st period - Snap shot by Matt Read.
8:17 of 1st period - Shot Misses the Net.
8:33 of 1st period - Wrist shot by Matt Read.
8:33 of 1st period - Stopped by Petr Mrazek with a rebound.
8:35 of 1st period - Snap shot by Luke Schenn.
8:35 of 1st period - Shot Blocked by Matt Irwin.
8:37 of 1st period - Slapshot by Cam Barker.
8:37 of 1st period - Deflect By Maxime Sauvé.
8:37 of 1st period - Shot Blocked by Chad Larose.
8:37 of 1st period - Puck is out of play.
8:38 of 1st period - Kyle Okposo wins face-off versus Kyle Wellwood in Panthers zone.
8:41 of 1st period - Wrist shot by Chris Bourque.
8:41 of 1st period - Stopped by Petr Mrazek with a rebound.
8:53 of 1st period - Slapshot by Kyle Wellwood.
8:53 of 1st period - Goal by Kyle Wellwood - Rangers : 0 - Panthers : 1.
8:54 of 1st period - Stephen Weiss wins face-off versus Sean Couturier in neutral zone.
9:21 of 1st period - Tomas Hertl is hit by Steve Montador and loses puck.
9:41 of 1st period - Minor Penalty to David Booth for Slashing.
9:42 of 1st period - Kyle Wellwood wins face-off versus Patrice Bergeron in Panthers zone.
10:12 of 1st period - Wrist shot by Drew Stafford.
10:12 of 1st period - Goal by Drew Stafford - Rangers : 0 - Panthers : 2.
10:13 of 1st period - Patrice Bergeron wins face-off versus Kyle Wellwood in neutral zone.
10:22 of 1st period - Slapshot by Milan Lucic.
10:22 of 1st period - Shot Blocked by Jonathan Sigalet.
10:24 of 1st period - Slapshot by Jakob Silfverberg.
10:24 of 1st period - Shot Blocked by Jonathan Sigalet.
10:48 of 1st period - Snap shot by James Neal.
10:48 of 1st period - Shot Misses the Net.
11:41 of 1st period - Penalty to David Booth is over, David Booth is back on ice.
12:07 of 1st period - Slapshot by Erik Gudbranson.
12:07 of 1st period - Shot Blocked by Mark Fistric.
13:11 of 1st period - Alex Galchenyuk is hit by Kyle Okposo and loses puck.
13:25 of 1st period - Icing by Steve Montador.
13:26 of 1st period - Stephen Weiss wins face-off versus Patrice Bergeron in Panthers zone.
13:31 of 1st period - Slapshot by Brandon Gormley.
13:31 of 1st period - Deflect By Matt Greene.
13:31 of 1st period - Stopped by Frederik Andersen without a rebound.
13:32 of 1st period - Patrice Bergeron wins face-off versus Jonathan Matsumoto in Rangers zone.
14:25 of 1st period - Snap shot by Drew Stafford.
14:25 of 1st period - Shot Misses the Net.
14:31 of 1st period - Snap shot by Kyle Okposo.
14:31 of 1st period - Stopped by Petr Mrazek with a rebound.
14:45 of 1st period - Backhand shot by Matt Read.
14:45 of 1st period - Stopped by Petr Mrazek with a rebound.
14:47 of 1st period - Snap shot by Luke Schenn.
14:47 of 1st period - Deflect By Matt Read.
14:47 of 1st period - Shot Misses the Net.
14:47 of 1st period - Puck is out of play.
14:48 of 1st period - Matt Duchene wins face-off versus Sean Couturier in Panthers zone.
15:21 of 1st period - Icing by Luke Schenn.
15:22 of 1st period - Tomas Hertl wins face-off versus Kyle Wellwood in Rangers zone.
16:10 of 1st period - Minor Penalty to Jonathan Sigalet for Holding.
16:11 of 1st period - Kyle Wellwood wins face-off versus Patrice Bergeron in Panthers zone.
16:11 of 1st period - Kyle Wellwood is hit by Milan Lucic.
17:08 of 1st period - Patrice Bergeron is hit by Jonathan Matsumoto and loses puck.
18:05 of 1st period - Drew Stafford is hit by Sean Couturier and loses puck.
18:10 of 1st period - Penalty to Jonathan Sigalet is over, Jonathan Sigalet is back on ice.
18:34 of 1st period - Snap shot by Stephen Weiss.
18:34 of 1st period - Shot Misses the Net.
18:36 of 1st period - Wrist shot by Kyle Clifford.
18:36 of 1st period - Shot Blocked by Mark Fistric.
18:39 of 1st period - Icing by Matt Read.
18:40 of 1st period - Stephen Weiss wins face-off versus Maxime Sauvé in Rangers zone.
18:43 of 1st period - Slapshot by Kyle Clifford.
18:43 of 1st period - Stopped by Frederik Andersen without a rebound.
18:44 of 1st period - Patrice Bergeron wins face-off versus Matt Duchene in Rangers zone.
18:55 of 1st period - Wrist shot by Marek Svatos.
18:55 of 1st period - Stopped by Frederik Andersen with a rebound.
19:31 of 1st period - Snap shot by Jonathan Matsumoto.
19:31 of 1st period - Goal by Jonathan Matsumoto - Rangers : 0 - Panthers : 3.
19:32 of 1st period - Matt Duchene wins face-off versus Patrice Bergeron in neutral zone.
Goals for this period are 0 for Rangers vs 3 for Panthers.
Shots for this period are 6 for Rangers vs 15 for Panthers.
2nd period
0:01 of 2nd period - Sean Couturier wins face-off versus Matt Duchene in neutral zone.
0:01 of 2nd period - Sean Couturier is hit by Matt Duchene.
0:18 of 2nd period - Minor Penalty to Matt Duchene for Roughing.
0:19 of 2nd period - Kyle Wellwood wins face-off versus Jakob Silfverberg in Panthers zone.
0:19 of 2nd period - Kyle Wellwood is hit by Patrice Bergeron.
0:51 of 2nd period - Off-side.
0:52 of 2nd period - Patrice Bergeron wins face-off versus Kyle Wellwood in neutral zone.
1:15 of 2nd period - Slapshot by Cam Barker.
1:15 of 2nd period - Stopped by Petr Mrazek with a rebound.
1:17 of 2nd period - Backhand shot by Kyle Okposo.
1:17 of 2nd period - Goal by Kyle Okposo - Rangers : 1 - Panthers : 3.
1:18 of 2nd period - Stephen Weiss wins face-off versus Patrice Bergeron in neutral zone.
1:35 of 2nd period - Snap shot by Patrice Bergeron.
1:35 of 2nd period - Stopped by Petr Mrazek without a rebound.
1:36 of 2nd period - Tomas Hertl wins face-off versus Matt Duchene in Panthers zone.
1:37 of 2nd period - Wrist shot by Kyle Okposo.
1:37 of 2nd period - Stopped by Petr Mrazek with a rebound.
1:47 of 2nd period - Snap shot by Matt Duchene.
1:47 of 2nd period - Shot Misses the Net.
2:03 of 2nd period - James Neal is hit by Chad Larose and loses puck.
2:10 of 2nd period - Slapshot by Cam Barker.
2:10 of 2nd period - Shot Misses the Net.
2:26 of 2nd period - Snap shot by Gustav Nyquist.
2:26 of 2nd period - Shot Misses the Net.
2:43 of 2nd period - Off-side.
2:44 of 2nd period - Jonathan Matsumoto wins face-off versus Maxime Sauvé in neutral zone.
3:05 of 2nd period - Minor Penalty to Magnus Paajarvi-Svensson for Holding.
3:06 of 2nd period - Marek Svatos wins face-off versus Patrice Bergeron in Rangers zone.
3:45 of 2nd period - Wrist shot by Kyle Clifford.
3:45 of 2nd period - Deflect By Drew Stafford.
3:45 of 2nd period - Shot Misses the Net.
3:45 of 2nd period - Puck is out of play.
3:46 of 2nd period - Patrice Bergeron wins face-off versus Stephen Weiss in Rangers zone.
4:11 of 2nd period - Luke Schenn is hit by Matt Duchene.
4:59 of 2nd period - Jonathan Sigalet is hit by Cam Barker and loses puck.
5:05 of 2nd period - Penalty to Magnus Paajarvi-Svensson is over, Magnus Paajarvi-Svensson is back on ice.
5:26 of 2nd period - Chris Bourque is hit by Jonathan Sigalet and loses puck.
5:37 of 2nd period - Minor Penalty to Jonathan Matsumoto for Roughing.
5:38 of 2nd period - Milan Lucic wins face-off versus Kyle Wellwood in Panthers zone.
6:07 of 2nd period - Chad Larose is hit by Patrice Bergeron and loses puck.
6:26 of 2nd period - Snap shot by James Neal.
6:26 of 2nd period - Deflect By Kyle Okposo.
6:26 of 2nd period - Stopped by Petr Mrazek with a rebound.
6:28 of 2nd period - Slapshot by Luke Schenn.
6:28 of 2nd period - Shot Blocked by Marek Svatos.
6:30 of 2nd period - Slapshot by Sean Couturier.
6:30 of 2nd period - Stopped by Petr Mrazek without a rebound.
6:31 of 2nd period - Kyle Wellwood wins face-off versus Sean Couturier in Panthers zone.
6:31 of 2nd period - Kyle Wellwood is hit by Sean Couturier.
7:37 of 2nd period - Penalty to Jonathan Matsumoto is over, Jonathan Matsumoto is back on ice.
7:53 of 2nd period - Snap shot by Alex Galchenyuk.
7:53 of 2nd period - Shot Misses the Net.
9:26 of 2nd period - Jonathan Matsumoto is hit by Colten Teubert.
9:35 of 2nd period - Sean Couturier is hit by Patrick Eaves and loses puck.
10:36 of 2nd period - Marek Svatos is hit by Magnus Paajarvi-Svensson and loses puck.
10:43 of 2nd period - Magnus Paajarvi-Svensson is hit by Erik Gudbranson and loses puck.
10:55 of 2nd period - Off-side.
10:56 of 2nd period - James Neal wins face-off versus Jonathan Matsumoto in neutral zone.
11:01 of 2nd period - Wrist shot by Jakob Silfverberg.
11:01 of 2nd period - Shot Misses the Net.
11:07 of 2nd period - Wrist shot by Jonathan Matsumoto.
11:07 of 2nd period - Shot Blocked by Patrik Nemeth.
11:09 of 2nd period - Wrist shot by Daniel Paille.
11:09 of 2nd period - Stopped by Frederik Andersen without a rebound.
11:10 of 2nd period - Tomas Hertl wins face-off versus Matt Duchene in Rangers zone.
11:42 of 2nd period - Off-side.
11:43 of 2nd period - James Neal wins face-off versus Kyle Clifford in neutral zone.
11:46 of 2nd period - Snap shot by Cam Barker.
11:46 of 2nd period - Shot Blocked by Steve Montador.
11:48 of 2nd period - Slapshot by Luke Schenn.
11:48 of 2nd period - Shot Misses the Net.
11:50 of 2nd period - Slapshot by James Neal.
11:50 of 2nd period - Shot Misses the Net.
11:52 of 2nd period - Slapshot by Cam Barker.
11:52 of 2nd period - Stopped by Petr Mrazek with a rebound.
11:54 of 2nd period - Snap shot by James Neal.
11:54 of 2nd period - Stopped by Petr Mrazek with a rebound.
12:26 of 2nd period - Wrist shot by Jakob Silfverberg.
12:26 of 2nd period - Stopped by Petr Mrazek with a rebound.
12:28 of 2nd period - Snap shot by Sean Couturier.
12:28 of 2nd period - Goal by Sean Couturier - Rangers : 2 - Panthers : 3.
12:29 of 2nd period - Matt Duchene wins face-off versus Gustav Nyquist in neutral zone.
12:55 of 2nd period - Chad Larose is hit by Chris Bourque and loses puck.
13:37 of 2nd period - Snap shot by Jakob Silfverberg.
13:37 of 2nd period - Shot Misses the Net.
14:01 of 2nd period - Slapshot by Alex Galchenyuk.
14:01 of 2nd period - Deflect By Marek Svatos.
14:01 of 2nd period - Stopped by Frederik Andersen without a rebound.
14:02 of 2nd period - Matt Duchene wins face-off versus Patrice Bergeron in Rangers zone.
14:11 of 2nd period - Wrist shot by Alex Galchenyuk.
14:11 of 2nd period - Deflect By Matt Duchene.
14:11 of 2nd period - Shot Blocked by Milan Lucic.
14:11 of 2nd period - Puck is out of play.
14:12 of 2nd period - Matt Duchene wins face-off versus Patrice Bergeron in Rangers zone.
14:13 of 2nd period - Wrist shot by Alex Galchenyuk.
14:13 of 2nd period - Goal by Alex Galchenyuk - Rangers : 2 - Panthers : 4.
14:13 of 2nd period - Mike Condon enters game.
14:14 of 2nd period - Tomas Hertl wins face-off versus Matt Duchene in neutral zone.
14:30 of 2nd period - Wrist shot by Alex Galchenyuk.
14:30 of 2nd period - Stopped by Mike Condon without a rebound.
14:31 of 2nd period - Patrice Bergeron wins face-off versus Stephen Weiss in Rangers zone.
14:31 of 2nd period - Patrice Bergeron is hit by Stephen Weiss.
14:57 of 2nd period - Cam Barker is hit by Matt Duchene and loses puck.
15:16 of 2nd period - Icing by Erik Gudbranson.
15:17 of 2nd period - David Booth wins face-off versus Sean Couturier in Panthers zone.
15:32 of 2nd period - Kyle Wellwood is hit by Cam Barker.
15:45 of 2nd period - Icing by Alex Galchenyuk.
15:46 of 2nd period - Matt Duchene wins face-off versus Tomas Hertl in Panthers zone.
15:57 of 2nd period - Slapshot by Alex Galchenyuk.
15:57 of 2nd period - Deflect By Matt Duchene.
15:57 of 2nd period - Shot Misses the Net.
15:57 of 2nd period - Puck is out of play.
15:58 of 2nd period - Alex Galchenyuk wins face-off versus Patrice Bergeron in Rangers zone.
16:25 of 2nd period - Tomas Hertl is hit by Kyle Clifford.
16:28 of 2nd period - Off-side.
16:29 of 2nd period - Tomas Hertl wins face-off versus Stephen Weiss in neutral zone.
16:59 of 2nd period - Snap shot by Kyle Okposo.
16:59 of 2nd period - Stopped by Petr Mrazek with a rebound.
17:01 of 2nd period - Slapshot by Kyle Okposo.
17:01 of 2nd period - Deflect By Tomas Hertl.
17:01 of 2nd period - Stopped by Petr Mrazek without a rebound.
17:02 of 2nd period - Patrice Bergeron wins face-off versus Matt Duchene in Panthers zone.
17:09 of 2nd period - Wrist shot by Patrice Bergeron.
17:09 of 2nd period - Shot Hit the Post.
17:29 of 2nd period - Gustav Nyquist is hit by Daniel Paille.
18:03 of 2nd period - Snap shot by Patrice Bergeron.
18:03 of 2nd period - Stopped by Petr Mrazek with a rebound.
18:40 of 2nd period - Minor Penalty to James Neal for Slashing.
18:41 of 2nd period - Matt Duchene wins face-off versus Maxime Sauvé in Rangers zone.
19:49 of 2nd period - Slapshot by Alex Galchenyuk.
19:49 of 2nd period - Stopped by Mike Condon without a rebound.
19:50 of 2nd period - Sean Couturier wins face-off versus Stephen Weiss in Rangers zone.
19:58 of 2nd period - Off-side.
19:59 of 2nd period - Patrice Bergeron wins face-off versus Stephen Weiss in neutral zone.
Goals for this period are 2 for Rangers vs 1 for Panthers.
Shots for this period are 13 for Rangers vs 5 for Panthers.
3rd period
0:01 of 3rd period - Patrice Bergeron wins face-off versus Matt Duchene in neutral zone.
0:10 of 3rd period - Snap shot by Milan Lucic.
0:10 of 3rd period - Shot Misses the Net.
0:26 of 3rd period - Snap shot by Kyle Clifford.
0:26 of 3rd period - Deflect By Drew Stafford.
0:26 of 3rd period - Shot Misses the Net.
0:26 of 3rd period - Puck is out of play.
0:27 of 3rd period - Stephen Weiss wins face-off versus Patrice Bergeron in Rangers zone.
0:40 of 3rd period - Penalty to James Neal is over, James Neal is back on ice.
0:44 of 3rd period - Jonathan Sigalet is hit by Milan Lucic and loses puck.
0:56 of 3rd period - Snap shot by Mark Fistric.
0:56 of 3rd period - Deflect By Drew Stafford.
0:56 of 3rd period - Stopped by Petr Mrazek with a rebound.
1:10 of 3rd period - Wrist shot by Stephen Weiss.
1:10 of 3rd period - Stopped by Mike Condon without a rebound.
1:11 of 3rd period - Matt Duchene wins face-off versus Tomas Hertl in Rangers zone.
1:12 of 3rd period - Snap shot by Alex Galchenyuk.
1:12 of 3rd period - Shot Blocked by Luke Schenn.
1:18 of 3rd period - Wrist shot by Matt Duchene.
1:18 of 3rd period - Shot Blocked by Cam Barker.
1:20 of 3rd period - Wrist shot by Marek Svatos.
1:20 of 3rd period - Shot Misses the Net.
1:22 of 3rd period - Slapshot by Erik Gudbranson.
1:22 of 3rd period - Shot Blocked by Cam Barker.
1:24 of 3rd period - Slapshot by Brandon Gormley.
1:24 of 3rd period - Stopped by Mike Condon without a rebound.
1:25 of 3rd period - Matt Duchene wins face-off versus Sean Couturier in Rangers zone.
1:37 of 3rd period - Minor Penalty to James Neal for Hooking.
1:38 of 3rd period - Patrice Bergeron wins face-off versus Matt Duchene in Rangers zone.
2:14 of 3rd period - Off-side.
2:15 of 3rd period - Matt Duchene wins face-off versus Matt Read in neutral zone.
2:28 of 3rd period - Snap shot by Alex Galchenyuk.
2:28 of 3rd period - Stopped by Mike Condon without a rebound.
2:29 of 3rd period - Matt Duchene wins face-off versus Patrice Bergeron in Rangers zone.
2:30 of 3rd period - Wrist shot by Alex Galchenyuk.
2:30 of 3rd period - Stopped by Mike Condon with a rebound.
2:32 of 3rd period - Snap shot by Erik Gudbranson.
2:32 of 3rd period - Shot Blocked by Mark Fistric.
2:36 of 3rd period - Slapshot by Matt Duchene.
2:36 of 3rd period - Stopped by Mike Condon without a rebound.
2:37 of 3rd period - Patrice Bergeron wins face-off versus Alex Galchenyuk in Rangers zone.
3:00 of 3rd period - Snap shot by Alex Galchenyuk.
3:00 of 3rd period - Deflect By Marek Svatos.
3:00 of 3rd period - Goal by Marek Svatos - Rangers : 2 - Panthers : 5.
3:01 of 3rd period - Matt Duchene wins face-off versus Sean Couturier in neutral zone.
3:55 of 3rd period - Backhand shot by Tomas Hertl.
3:55 of 3rd period - Shot Misses the Net.
3:57 of 3rd period - Snap shot by Tomas Hertl.
3:57 of 3rd period - Stopped by Petr Mrazek without a rebound.
3:58 of 3rd period - Matt Duchene wins face-off versus Sean Couturier in Panthers zone.
3:58 of 3rd period - Matt Duchene is hit by Jakob Silfverberg.
4:35 of 3rd period - Wrist shot by James Neal.
4:35 of 3rd period - Stopped by Petr Mrazek with a rebound.
4:37 of 3rd period - Snap shot by Jakob Silfverberg.
4:37 of 3rd period - Shot Misses the Net.
5:02 of 3rd period - Minor Penalty to Kyle Wellwood for Interference.
5:03 of 3rd period - Marek Svatos wins face-off versus Patrice Bergeron in Panthers zone.
5:35 of 3rd period - Luke Schenn is hit by Chad Larose and loses puck.
6:33 of 3rd period - Icing by Mark Fistric.
6:34 of 3rd period - Marek Svatos wins face-off versus Sean Couturier in Rangers zone.
6:54 of 3rd period - Alex Galchenyuk is hit by Milan Lucic and loses puck.
7:02 of 3rd period - Penalty to Kyle Wellwood is over, Kyle Wellwood is back on ice.
7:21 of 3rd period - Patrik Nemeth is hit by Erik Gudbranson and loses puck.
7:38 of 3rd period - Wrist shot by David Booth.
7:38 of 3rd period - Shot Misses the Net.
7:40 of 3rd period - Slapshot by David Booth.
7:40 of 3rd period - Shot Misses the Net.
7:42 of 3rd period - Snap shot by Erik Gudbranson.
7:42 of 3rd period - Deflect By Chris Bourque.
7:42 of 3rd period - Stopped by Mike Condon with a rebound.
7:46 of 3rd period - Snap shot by Drew Stafford.
7:46 of 3rd period - Shot Misses the Net.
8:58 of 3rd period - Matt Irwin is hit by Sean Couturier and loses puck.
9:11 of 3rd period - Wrist shot by Kyle Clifford.
9:11 of 3rd period - Stopped by Mike Condon with a rebound.
9:31 of 3rd period - Wrist shot by Matt Duchene.
9:31 of 3rd period - Stopped by Mike Condon without a rebound.
9:32 of 3rd period - Matt Duchene wins face-off versus Patrice Bergeron in Rangers zone.
9:33 of 3rd period - Slapshot by Alex Galchenyuk.
9:33 of 3rd period - Shot Blocked by Gustav Nyquist.
10:07 of 3rd period - Snap shot by James Neal.
10:07 of 3rd period - Shot Misses the Net.
10:12 of 3rd period - Off-side.
10:13 of 3rd period - Tomas Hertl wins face-off versus Kyle Wellwood in neutral zone.
10:21 of 3rd period - Icing by David Booth.
10:22 of 3rd period - Kyle Wellwood wins face-off versus Tomas Hertl in Panthers zone.
10:56 of 3rd period - Wrist shot by Erik Gudbranson.
10:56 of 3rd period - Deflect By David Booth.
10:56 of 3rd period - Stopped by Mike Condon without a rebound.
10:57 of 3rd period - Alex Galchenyuk wins face-off versus Sean Couturier in Rangers zone.
10:58 of 3rd period - Slapshot by Matt Duchene.
10:58 of 3rd period - Goal by Matt Duchene - Rangers : 2 - Panthers : 6.
10:59 of 3rd period - Tomas Hertl wins face-off versus Matt Duchene in neutral zone.
11:11 of 3rd period - Erik Gudbranson is hit by Kyle Okposo and loses puck.
11:22 of 3rd period - Minor Penalty to Tomas Hertl for Roughing.
11:23 of 3rd period - Patrice Bergeron wins face-off versus Matt Duchene in Rangers zone.
11:32 of 3rd period - Snap shot by Alex Galchenyuk.
11:32 of 3rd period - Deflect By Marek Svatos.
11:32 of 3rd period - Shot Misses the Net.
11:32 of 3rd period - Puck is out of play.
11:33 of 3rd period - Patrice Bergeron wins face-off versus Matt Duchene in Rangers zone.
12:14 of 3rd period - Snap shot by Alex Galchenyuk.
12:14 of 3rd period - Shot Misses the Net.
12:55 of 3rd period - Sean Couturier is hit by Erik Gudbranson.
13:22 of 3rd period - Penalty to Tomas Hertl is over, Tomas Hertl is back on ice.
13:31 of 3rd period - Snap shot by James Neal.
13:31 of 3rd period - Stopped by Petr Mrazek with a rebound.
14:58 of 3rd period - Jonathan Sigalet is hit by Chris Bourque and loses puck.
15:03 of 3rd period - Slapshot by Kyle Okposo.
15:03 of 3rd period - Stopped by Petr Mrazek with a rebound.
15:05 of 3rd period - Snap shot by Mark Fistric.
15:05 of 3rd period - Deflect By Chris Bourque.
15:05 of 3rd period - Shot Hit the Post.
15:05 of 3rd period - Puck is out of play.
15:06 of 3rd period - Patrice Bergeron wins face-off versus Jonathan Matsumoto in Panthers zone.
15:09 of 3rd period - Slapshot by Milan Lucic.
15:09 of 3rd period - Stopped by Petr Mrazek without a rebound.
15:10 of 3rd period - Jonathan Matsumoto wins face-off versus Gustav Nyquist in Panthers zone.
15:10 of 3rd period - Jonathan Matsumoto is hit by Milan Lucic.
15:18 of 3rd period - Gustav Nyquist is hit by Daniel Paille and loses puck.
15:23 of 3rd period - Slapshot by Jonathan Matsumoto.
15:23 of 3rd period - Stopped by Mike Condon without a rebound.
15:24 of 3rd period - Matt Duchene wins face-off versus Sean Couturier in Rangers zone.
15:34 of 3rd period - Minor Penalty to James Neal for Holding.
15:35 of 3rd period - Patrice Bergeron wins face-off versus Matt Duchene in Rangers zone.
15:45 of 3rd period - Snap shot by Brandon Gormley.
15:45 of 3rd period - Shot Blocked by Mark Fistric.
15:47 of 3rd period - Slapshot by Matt Duchene.
15:47 of 3rd period - Shot Misses the Net.
15:49 of 3rd period - Wrist shot by Erik Gudbranson.
15:49 of 3rd period - Shot Blocked by Cam Barker.
17:34 of 3rd period - Penalty to James Neal is over, James Neal is back on ice.
17:43 of 3rd period - Wrist shot by Sean Couturier.
17:43 of 3rd period - Stopped by Petr Mrazek with a rebound.
17:45 of 3rd period - Wrist shot by Colten Teubert.
17:45 of 3rd period - Shot Blocked by Jonathan Sigalet.
17:47 of 3rd period - Wrist shot by Sean Couturier.
17:47 of 3rd period - Shot Blocked by Matt Irwin.
17:49 of 3rd period - Backhand shot by Luke Schenn.
17:49 of 3rd period - Stopped by Petr Mrazek with a rebound.
17:51 of 3rd period - Snap shot by James Neal.
17:51 of 3rd period - Shot Misses the Net.
17:53 of 3rd period - Wrist shot by Sean Couturier.
17:53 of 3rd period - Stopped by Petr Mrazek with a rebound.
17:59 of 3rd period - Slapshot by Chris Bourque.
17:59 of 3rd period - Deflect By James Neal.
17:59 of 3rd period - Stopped by Petr Mrazek without a rebound.
18:00 of 3rd period - Kyle Wellwood wins face-off versus Maxime Sauvé in Panthers zone.
18:05 of 3rd period - Slapshot by Kyle Wellwood.
18:05 of 3rd period - Shot Misses the Net.
18:07 of 3rd period - Wrist shot by David Booth.
18:07 of 3rd period - Shot Misses the Net.
18:09 of 3rd period - Wrist shot by David Booth.
18:09 of 3rd period - Deflect By Kyle Wellwood.
18:09 of 3rd period - Shot Blocked by Matt Read.
18:09 of 3rd period - Matt Read from Rangers is injured at 18:09 of 3rd period (Strained Left Elbow).
18:10 of 3rd period - Matt Duchene wins face-off versus Tomas Hertl in Rangers zone.
18:13 of 3rd period - Slapshot by Alex Galchenyuk.
18:13 of 3rd period - Stopped by Mike Condon without a rebound.
18:14 of 3rd period - Tomas Hertl wins face-off versus Matt Duchene in Rangers zone.
18:14 of 3rd period - Tomas Hertl is hit by Jonathan Sigalet.
18:29 of 3rd period - Minor Penalty to Marek Svatos for Roughing.
18:30 of 3rd period - Kyle Wellwood wins face-off versus Patrice Bergeron in Panthers zone.
18:30 of 3rd period - Kyle Wellwood is hit by Milan Lucic.
18:41 of 3rd period - Snap shot by Milan Lucic.
18:41 of 3rd period - Shot Blocked by Erik Gudbranson.
Goals for this period are 0 for Rangers vs 2 for Panthers.
Shots for this period are 10 for Rangers vs 13 for Panthers.
Back to the Top